 Dungeon Crawl Stone Soup version 0.30-a0-779-g7971cf19c3 (webtiles) character file.

Game seed: 17777648792278535278

141 demibob the Chopper (level 5, -1/45 HPs)
             Began as a Hill Orc Fighter on Feb 17, 2023.
             Killed from afar by an orc wizard (6 damage)
             ... with a magic dart
             ... on level 4 of the Dungeon.
             The game lasted 00:02:15 (2603 turns).

demibob the Chopper (Hill Orc Fighter)              Turns: 2603, Time: 00:02:16

Health: -1/45      AC:  6    Str: 19    XL:     5   Next: 24%
Magic:  5/5        EV:  9    Int:  8    God:
Gold:   184        SH:  0    Dex: 12    Spells: 4/4 levels left

rFire   . . .      SeeInvis .    a - +0 war axe
rCold   . . .      Faith    .    (no shield)
rNeg    . . .      Spirit   .    b - +0 scale mail
rPois   .          Reflect  .    (no helmet)
rElec   .          Harm     .    (no cloak)
rCorr   .          Rampage  .    (no gloves)
Will    .....                    (no boots) Stlth
                                 (no amulet)
HPRegen 0.27/turn                (no ring)
MPRegen 0.09/turn                (no ring)

@: no status effects
A: no striking features
a: no special abilities


You were on level 4 of the Dungeon.
You visited 1 branch of the dungeon, and saw 4 of its levels.

You collected 184 gold pieces.


   Skills:
 - Level 3.6 Fighting
 + Level 7.0 Axes
 - Level 3.2 Armour
 - Level 3.2 Shields


You had 4 spell levels left.
You didn't know any spells.
Your spell library contained the following spells:

 Spells                   Type           Power      Damage    Failure   Level
 Magic Dart               Conj           0%         1d3       77%         1
 Searing Ray              Conj           0%         2d4       88%         2
 Dazzling Flash           Conj/Hex       0%         N/A       98%         3
 Fulminant Prism          Conj/Hex       0%         3d5       100%        4
 Agony                    Necr           0%         N/A       100%        5
 Silence                  Hex/Air        0%         N/A       100%        5

Inventory:

Hand Weapons
 a - a +0 war axe (weapon)
Armour
 b - a +0 scale mail (worn)
 f - a +0 pair of gloves
 p - a +0 pair of gloves
Jewellery
 q - an amulet of regeneration
Scrolls
 c - 7 scrolls of identify {unknown}
 g - a scroll of silence {unknown}
 k - a scroll of amnesia {unknown}
 l - a scroll of vulnerability {unknown}
 n - a scroll of teleportation {unknown}
 o - 2 scrolls of fog {unknown}
 t - 3 scrolls of enchant armour {unknown}
 u - 2 scrolls of torment {unknown}
 v - a scroll of blinking {unknown}
 w - a scroll of noise {unknown}
Potions
 d - a potion of might
 e - a potion of brilliance {unknown}
 h - a potion of invisibility {unknown}
 i - a potion of resistance {unknown}
 j - 5 potions of heal wounds {unknown}
 m - a potion of degeneration {unknown}
 r - a potion of flight {unknown}
 s - 3 potions of lignification {unknown}

Dungeon Overview and Level Annotations

Branches:
Dungeon (4/15)
 Temple: D:4-7

Altars:
Fedhas

......## .....##
#....)## .....
##......###
....####..#..#...# .#
....##....#.##.... #..
#......[..........
....###...#..#..##.....#
.........###.....####..#
......o@###.##$.........
..>........)..........##
...........)..........##
.....................###
......<..†.........### .
##..................#
#........#...........#
#........#...........[
.#####..#...........


You could see an orc wizard.


Message History

The orc wizard casts a spell at you. The puff of flame hits you.
* * * LOW HITPOINT WARNING * * *
You are too injured to fight recklessly!
You hit the orc wizard but do no damage.
The orc wizard is almost dead.
The orc wizard gestures at you while chanting.
The puff of flame hits you.
* * * LOW HITPOINT WARNING * * *
You hit the orc wizard but do no damage.
The orc wizard is almost dead.
The orc wizard gestures at you while chanting.
You resist with some effort.
The orc wizard points at you and mumbles some strange words.
The magic dart hits you!
* * * LOW HITPOINT WARNING * * *
Okay, then.
You barely miss the orc wizard.
The orc wizard is almost dead.
The orc wizard hits you but does no damage.
You miss the orc wizard.
The orc wizard is almost dead.
The orc wizard points at you and mumbles some strange words.
The puff of flame hits you.
* * * LOW HITPOINT WARNING * * *
You hit the orc wizard.
The orc wizard is almost dead.
The orc wizard gestures at you while chanting.
The magic dart hits you.
You die...

Skill      XL: |  1  2  3  4  5 |
---------------+----------------+-----
Axes           | 3 4 5 6 7 |  7.0
Fighting       | |  3.6
Armour         | |  3.2
Shields        | |  3.2

Action                     |  1- 3 |  4- 6 || total
---------------------------+-------+-------++-------
  Melee: War axe           |    71 |   111 ||   182
         Punch             |       |     2 ||     2
 Armour: Scale mail        |    39 |    55 ||    94
  Dodge: Dodged            |    39 |    58 ||    97

Levels and vault maps discovered:
D:1:      kilobyte_arrival_exit_the_forest, layout_rooms, serial_corexii_hall,
          corexii_hall_statues_x, corexii_hall_statues_x,
          shapermc_ecumenical_altar_petra
D:2:      layout_loops_ring, serial_rivers, chequers_serial_rivers_micro_d,
          chequers_serial_rivers_micro_d, chequers_serial_rivers_micro_a,
          chequers_serial_rivers_large_b, kennysheep_small_spiral, uniq_jessica
D:3:      layout_loops_ring, fedhas_altar_4
D:4:      layout_cave_pools, led_sif_pool, okawaru_trees_1,
          gammafunk_ghost_nasty_kobolds, chequers_hall_statues_y, uniq_menkaure

Notes
Turn   | Place    | Note
-------+----------+-------------------------------------------
     0 | D:1      | demibob the Hill Orc Fighter began the quest for the Orb.
     0 | D:1      | Reached XP level 1. HP: 19/19 MP: 1/1
    93 | D:1      | Reached skill level 3 in Axes
   112 | D:1      | Reached XP level 2. HP: 20/26 MP: 2/2
   242 | D:1      | Reached skill level 4 in Axes
   475 | D:1      | Found a faded altar of an unknown god.
   560 | D:1      | Reached XP level 3. HP: 31/31 MP: 3/3
   854 | D:2      | Identified a +2 robe of resistance
   854 | D:2      | Noticed Jessica
   867 | D:2      | Killed Jessica
   868 | D:2      | Reached skill level 5 in Axes
   868 | D:2      | Reached XP level 4. HP: 27/39 MP: 4/4
   966 | D:2      | Reached skill level 6 in Axes
  1887 | D:3      | Reached XP level 5. HP: 45/45 MP: 5/5
  2294 | D:3      | Found a blossoming altar of Fedhas.
  2582 | D:4      | Reached skill level 7 in Axes
  2603 | D:4      | Killed from afar by an orc wizard

Vanquished Creatures
  Jessica (D:2)
  3 adders
  4 worms
  A dart slug (D:3)
  8 orcs
  5 ball pythons
  5 endoplasms
  3 giant cockroaches
  3 goblins
  7 hobgoblins
  3 quokkas
  6 bats
  5 frilled lizards
  6 kobolds
  6 rats
66 creatures vanquished.

Vanquished Creatures (others)
  A plant (D:1)
1 creature vanquished.

Grand Total: 67 creatures vanquished

Table legend: (Time is in decaauts)
 A = Elapsed time spent in this place.
 B = Non-inter-level travel time spent in this place.
 C = Inter-level travel time spent in this place.
 D = Time resting spent in this place.
 E = Time spent auto-exploring this place.
 F = Levels seen in this place.
 G = Mean time per level.
                   A        B        C        D        E       F      G
               +--------+--------+--------+--------+--------+-----+--------+
         Total |   2676 |   2572 |    104 |      3 |   2110 |   4 |  669.0 |
       Dungeon |   2676 |   2572 |    104 |      3 |   2110 |   4 |  669.0 |
               +--------+--------+--------+--------+--------+-----+--------+

Top non-repeatable levels by time:
     D:2: 1058 daAuts
     D:3: 833 daAuts
     D:1: 723 daAuts
     D:4: 61 daAuts

Table legend:
 A = Non-vault XP
 B = Vault XP
 C = Vault XP percentage of total XP
 D = Non-vault monster count
 E = Vault monster count
 F = Vault count percentage of total count
                 A         B        C        D         E       F
            +---------+---------+-------+---------+---------+-------
      Total |     165 |      37 |  18.3 |      65 |       1 |   1.5
            +---------+---------+-------+---------+---------+-------
        D:1 |      35 |       0 |   0.0 |      20 |       0 |   0.0
        D:2 |      83 |      37 |  30.8 |      29 |       1 |   3.3
        D:3 |      27 |       0 |   0.0 |       9 |       0 |   0.0
        D:4 |      20 |       0 |   0.0 |       7 |       0 |   0.0
            +---------+---------+-------+---------+---------+-------
